[Event "Lueneburg Open-A 2019"]
[Site "Lueneburg"]
[Date "2019.08.09"]
[Round "7.18"]
[White "Ishak, Rashid"]
[Black "Prasse, Philipp"]
[Result "1-0"]
[ECO "B12"]
[WhiteElo "2141"]
[BlackElo "2003"]
[Annotator "NA"]
[PlyCount "41"]
[EventDate "2019.08.03"]
[EventType "swiss"]
[EventCountry "GER"]
[SourceTitle "playchess.com"]
[Source "ChessBase"]
[SourceQuality "1"]
[TimeControl "40/5400+30:1800+30"]

1. e4 c6 2. d4 d5 3. e5 Bf5 4. Nc3 e6 5. g4 Bg6 6. Nge2 c5 7. h4 h5 8. Nf4 Bh7 9. Nxh5 Nc6 10. dxc5 Bxc5 11. Bb5 Qc7 12. Nxg7+ Kf8 13. Bxc6 Qxc6 14. Nh5 d4 15. Rh3 dxc3 16. b4 Qg2 17. bxc5 Qg1+ 18. Ke2 Qxg4+ 19. f3 Qxh3 20. Qd6+ Ke8 21. Ng7# 1-0

[Event "Lueneburg Open-A 2019"]
[Site "Lueneburg"]
[Date "2019.08.09"]
[Round "7.20"]
[White "Rick, Uwe"]
[Black "Bosselmann, Tom Linus"]
[Result "1/2-1/2"]
[ECO "A26"]
[WhiteElo "2113"]
[BlackElo "2000"]
[Annotator "NA"]
[PlyCount "81"]
[EventDate "2019.08.03"]
[EventType "swiss"]
[EventCountry "GER"]
[SourceTitle "playchess.com"]
[Source "ChessBase"]
[SourceQuality "1"]
[TimeControl "40/5400+30:1800+30"]

1. c4 Nf6 2. g3 g6 3. Bg2 Bg7 4. Nc3 O-O 5. e4 d6 6. Nge2 e5 7. O-O Nc6 8. d3 Ne7 9. h3 c6 10. d4 Nd7 11. Be3 f5 12. f4 fxe4 13. Nxe4 Nf5 14. Bf2 exf4 15. Nxf4 Nf6 16. Ng5 Re8 17. Re1 Bh6 18. Nge6 Bxe6 19. Nxe6 Qd7 20. d5 cxd5 21. cxd5 Ng7 22. Qb3 Re7 23. Rad1 a5 24. a4 Rae8 25. Bd4 Nfh5 26. Re4 Nf5 27. Bf2 Nf6 28. Ree1 Ng7 29. g4 Nxe6 30. dxe6 Qc7 31. Bd4 Rf8 32. Rf1 Ne8 33. Rf7 Bg7 34. Bxg7 Nxg7 35. Rdf1 Rfxf7 36. Rxf7 Rxf7 37. exf7+ Kf8 38. Bxb7 Qc1+ 39. Kh2 Qf4+ 40. Qg3 Qd2+ 41. Bg2 1/2-1/2

[Event "Lueneburg Open-A 2019"]
[Site "Lueneburg"]
[Date "2019.08.09"]
[Round "7.21"]
[White "Klages, Hans Juergen"]
[Black "Thanisch, Matthias"]
[Result "1/2-1/2"]
[ECO "E05"]
[WhiteElo "2095"]
[BlackElo "1991"]
[Annotator "NA"]
[PlyCount "36"]
[EventDate "2019.08.03"]
[EventType "swiss"]
[EventCountry "GER"]
[SourceTitle "playchess.com"]
[Source "ChessBase"]
[SourceQuality "1"]
[TimeControl "40/5400+30:1800+30"]

1. d4 Nf6 2. g3 d5 3. Bg2 e6 4. Nf3 Be7 5. O-O O-O 6. c4 dxc4 7. Ne5 Nc6 8. Bxc6 bxc6 9. Nxc6 Qd6 10. Nxe7+ Qxe7 11. Na3 c5 12. Nxc4 cxd4 13. Qxd4 Rd8 14. Qh4 Ba6 15. Bg5 Rac8 16. b3 h6 17. Bxf6 Qxf6 18. Qxf6 gxf6 1/2-1/2

[Event "Lueneburg Open-A 2019"]
[Site "Lueneburg"]
[Date "2019.08.09"]
[Round "7.22"]
[White "Schulz, Daniel"]
[Black "Nyenhuis, Yannek"]
[Result "1/2-1/2"]
[ECO "E05"]
[WhiteElo "2071"]
[BlackElo "1927"]
[Annotator "NA"]
[PlyCount "125"]
[EventDate "2019.08.03"]
[EventType "swiss"]
[EventCountry "GER"]
[SourceTitle "playchess.com"]
[Source "ChessBase"]
[SourceQuality "1"]
[TimeControl "40/5400+30:1800+30"]

1. d4 Nf6 2. c4 e6 3. g3 d5 4. Nf3 Be7 5. Bg2 O-O 6. O-O dxc4 7. Qc2 a6 8. Qxc4 b5 9. Qc2 Bb7 10. Bd2 Be4 11. Qc1 c6 12. Rd1 Nbd7 13. Nc3 Bg6 14. Bg5 Rc8 15. a3 Nd5 16. Bxe7 Qxe7 17. Ne5 Nxe5 18. dxe5 Qc7 19. f4 Qb6+ 20. Kh1 Ne3 21. Rd6 Nc4 22. Rd7 Rfd8 23. Rxd8+ Rxd8 24. a4 Na5 25. axb5 cxb5 26. Qg1 Qc7 27. Ne4 Bxe4 28. Bxe4 Nc4 29. Rxa6 Nxb2 30. Qb6 Qd7 31. Qd6 Qxd6 32. Rxd6 Rb8 33. Bc2 Nc4 34. Rc6 Ne3 35. Bb3 g6 36. Kg1 Nf5 37. Kf2 Nd4 38. Rc3 Nxb3 39. Rxb3 Kg7 40. Ke3 h6 41. h4 Rb7 42. Kf3 h5 43. Ke4 Rb8 44. Rb2 Rb7 45. Kd4 Rd7+ 46. Kc5 Rd1 47. Kxb5 f6 48. Kc6 fxe5 49. fxe5 Rd5 50. Rb7+ Kh6 51. Rb5 Rd2 52. Rb3 Rd5 53. e4 Rxe5 54. Rb4 Kg7 55. Kd6 Kf6 56. Ra4 Rb5 57. Ra3 Rb6+ 58. Kc5 Rb1 59. Kd4 Rd1+ 60. Rd3 Rf1 61. Ra3 Rd1+ 62. Rd3 Rf1 63. Ra3 1/2-1/2

[Event "Lueneburg Open-A 2019"]
[Site "Lueneburg"]
[Date "2019.08.09"]
[Round "7.23"]
[White "Nielsen, Joerg"]
[Black "Koellner, Christof"]
[Result "0-1"]
[ECO "E11"]
[WhiteElo "2000"]
[BlackElo "2091"]
[Annotator "NA"]
[PlyCount "118"]
[EventDate "2019.08.03"]
[EventType "swiss"]
[EventCountry "GER"]
[SourceTitle "playchess.com"]
[Source "ChessBase"]
[SourceQuality "1"]
[TimeControl "40/5400+30:1800+30"]

1. c4 Nf6 2. g3 e6 3. d4 d5 4. Bg2 c6 5. Nf3 Bb4+ 6. Bd2 Be7 7. Qc2 Ne4 8. O-O O-O 9. b3 Nd7 10. Nc3 Nxd2 11. Qxd2 f5 12. e3 Bd6 13. Rad1 Qe7 14. Qc2 g5 15. Rfe1 Qg7 16. Nd2 h5 17. Nf1 Nf6 18. f3 g4 19. f4 h4 20. gxh4 Bd7 21. Ng3 Qh7 22. Bf1 Qxh4 23. Re2 Kf7 24. Rg2 Rh8 25. Bd3 Qh7 26. Rf1 Qg6 27. Qb2 Rh3 28. c5 Be7 29. b4 b6 30. Rb1 Rhh8 31. Qc1 Nh5 32. Nce2 Rhb8 33. Nxh5 Qxh5 34. Ng3 Qh8 35. Rgb2 Bf6 36. Qc3 Bh4 37. Qe1 b5 38. Rg2 a5 39. a3 axb4 40. Qxb4 Ra4 41. Qc3 Bf6 42. Rb4 Rba8 43. Ra2 Rxb4 44. Qxb4 Ra4 45. Qb1 Qa8 46. Bc2 Rxa3 47. Rxa3 Qxa3 48. Bb3 Qb4 49. Nf1 Bxd4 50. exd4 Qxd4+ 51. Kg2 Qxc5 52. Qe1 Qd4 53. Qe5 Qxe5 54. fxe5 c5 55. Kg3 c4 56. Ba2 b4 57. Ne3 Bb5 58. Bb1 b3 59. Kf4 d4 0-1

[Event "Lueneburg Open-A 2019"]
[Site "Lueneburg"]
[Date "2019.08.09"]
[Round "7.24"]
[White "Garbuszus, Juergen"]
[Black "Nixdorf, Andre"]
[Result "1-0"]
[ECO "B22"]
[WhiteElo "2070"]
[BlackElo "1936"]
[Annotator "NA"]
[PlyCount "53"]
[EventDate "2019.08.03"]
[EventType "swiss"]
[EventCountry "GER"]
[SourceTitle "playchess.com"]
[Source "ChessBase"]
[SourceQuality "1"]
[TimeControl "40/5400+30:1800+30"]

1. e4 c5 2. d3 Nc6 3. f4 d6 4. Be2 Nf6 5. Nf3 g6 6. O-O Bg7 7. c3 O-O 8. Na3 Rb8 9. Nc2 b5 10. Qe1 b4 11. Bd2 a5 12. Ne3 Ba6 13. e5 dxe5 14. fxe5 Nd5 15. Ng4 bxc3 16. bxc3 f5 17. Nh6+ Bxh6 18. Bxh6 Re8 19. e6 Qd6 20. Ng5 Nd8 21. c4 Nf6 22. Qc3 Nxe6 23. Nxe6 Qxe6 24. Bf3 Qd6 25. Bd5+ Kh8 26. Bf7 Red8 27. Bf4 {[%emt 0:34:13] Ng8} 1-0

[Event "Lueneburg Open-A 2019"]
[Site "Lueneburg"]
[Date "2019.08.09"]
[Round "7.25"]
[White "Kroencke, Manfred"]
[Black "Meschke, Oliver"]
[Result "1-0"]
[ECO "B31"]
[WhiteElo "2047"]
[BlackElo "1900"]
[Annotator "NA"]
[PlyCount "97"]
[EventDate "2019.08.03"]
[EventType "swiss"]
[EventCountry "GER"]
[SourceTitle "playchess.com"]
[Source "ChessBase"]
[SourceQuality "1"]
[TimeControl "40/5400+30:1800+30"]

1. e4 c5 2. Nf3 Nc6 3. Bb5 g6 4. O-O Bg7 5. Re1 Nf6 6. d3 O-O 7. c3 d6 8. Bxc6 bxc6 9. Qa4 Qc7 10. e5 Nd5 11. exd6 exd6 12. Qh4 Qd8 13. Bg5 f6 14. Bc1 g5 15. Qa4 Qc7 16. h3 Bf5 17. d4 Nb6 18. Qa5 Qf7 19. Na3 Qd5 20. dxc5 Qxc5 21. Qxc5 dxc5 22. Be3 Na4 23. b3 Nxc3 24. Bxc5 Rfd8 25. Nd4 Bg6 26. Nxc6 Rd2 27. Nc4 Rxa2 28. Ne7+ Kh8 29. Rxa2 Nxa2 30. Ra1 Nc3 31. Nxg6+ hxg6 32. Rxa7 Rxa7 33. Bxa7 Bf8 34. Kf1 Kg8 35. Bd4 Nd5 36. Ne3 Nxe3+ 37. Bxe3 Kf7 38. Ke2 Ke6 39. Kd3 Kd5 40. f3 Be7 41. Kc3 f5 42. g4 Bf6+ 43. Kd3 f4 44. Bd2 Bd8 45. Bc3 Be7 46. Bd4 Bd8 47. b4 Be7 48. b5 Bc5 49. Bf6 1-0

[Event "Lueneburg Open-A 2019"]
[Site "Lueneburg"]
[Date "2019.08.09"]
[Round "7.26"]
[White "Blum, Frederik"]
[Black "Schwarz, Jochen"]
[Result "1-0"]
[ECO "C12"]
[WhiteElo "2037"]
[BlackElo "1909"]
[Annotator "NA"]
[PlyCount "109"]
[EventDate "2019.08.03"]
[EventType "swiss"]
[EventCountry "GER"]
[SourceTitle "playchess.com"]
[Source "ChessBase"]
[SourceQuality "1"]
[TimeControl "40/5400+30:1800+30"]

1. e4 e6 2. d4 d5 3. Nc3 Nf6 4. Bg5 Bb4 5. e5 h6 6. Bh4 g5 7. Bg3 Ne4 8. Nge2 c5 9. dxc5 Nc6 10. Qd3 h5 11. h4 Bd7 12. O-O-O Nxg3 13. Qxg3 g4 14. Nf4 Qa5 15. Nb5 Bxc5 16. a3 O-O-O 17. c3 Qb6 18. Nd6+ Bxd6 19. exd6 Na5 20. b4 Nb3+ 21. Kb2 Ba4 22. Qe3 d4 23. cxd4 Rxd6 24. d5 Qxe3 25. fxe3 e5 26. Ne2 Rf6 27. Rd3 Rf2 28. Rxb3 Bxb3 29. Kxb3 Kd7 30. Nc3 f5 31. Rg1 Rc8 32. Bd3 e4 33. Bc4 a6 34. a4 Kd6 35. Nd1 Rd2 36. Nc3 Rf2 37. Rf1 Rxg2 38. Rxf5 Re8 39. Rxh5 Rg3 40. Rh6+ Kd7 41. Rh7+ Re7 42. Rxe7+ Kxe7 43. Be2 b6 44. Kc4 Rg2 45. Kd4 g3 46. Kxe4 Rh2 47. Kf3 g2 48. Kf2 Rxh4 49. Kxg2 Rxb4 50. Bxa6 Rb3 51. Nd1 Kd6 52. e4 Ke5 53. Nf2 Kf4 54. Nd3+ Kxe4 55. d6 1-0

[Event "Lueneburg Open-A 2019"]
[Site "Lueneburg"]
[Date "2019.08.09"]
[Round "7.27"]
[White "Berres, Eric"]
[Black "Ramme, Christoph"]
[Result "0-1"]
[ECO "D39"]
[WhiteElo "1890"]
[BlackElo "2154"]
[Annotator "NA"]
[PlyCount "112"]
[EventDate "2019.08.03"]
[EventType "swiss"]
[EventCountry "GER"]
[SourceTitle "playchess.com"]
[Source "ChessBase"]
[SourceQuality "1"]
[TimeControl "40/5400+30:1800+30"]

1. d4 Nf6 2. c4 e6 3. Nf3 d5 4. Nc3 dxc4 5. e4 Bb4 6. Bg5 c5 7. Bxc4 cxd4 8. Nxd4 Bxc3+ 9. bxc3 Qa5 10. Bb5+ Nbd7 11. Bxf6 Qxc3+ 12. Kf1 gxf6 13. Rc1 Qb4 14. a4 Qd6 15. h4 a6 16. Be2 Ne5 17. Rc2 Bd7 18. Rd2 Qb4 19. Ra2 Nc6 20. Nc2 Qc5 21. Rh3 Rd8 22. Qa1 Qe5 23. Qxe5 fxe5 24. Rb3 Na5 25. Rc3 Rc8 26. Rxc8+ Bxc8 27. Ne3 Ke7 28. Rc2 Bd7 29. Rc5 Nc6 30. Nc4 f6 31. Nb6 Kd6 32. Rc3 Nd4 33. Nc4+ Ke7 34. Nb6 Bc6 35. f3 Nxe2 36. Kxe2 Rd8 37. Rd3 Rd4 38. g3 Kd6 39. Nc4+ Kc5 40. Rxd4 exd4 41. Na5 Bxa4 42. Nxb7+ Kc6 43. Nd8+ Kd7 44. Nb7 Bb5+ 45. Kd2 e5 46. Nc5+ Kd6 47. Nb7+ Kc7 48. Nc5 Bc4 49. f4 Kc6 50. Na4 Bb5 51. Nb2 a5 52. fxe5 fxe5 53. g4 a4 54. Kc1 a3 55. Nd1 Be2 56. Nf2 d3 0-1

[Event "Lueneburg Open-A 2019"]
[Site "Lueneburg"]
[Date "2019.08.09"]
[Round "7.28"]
[White "Beuter, Christof"]
[Black "Terhorst, Jochen"]
[Result "0-1"]
[ECO "B43"]
[WhiteElo "1930"]
[BlackElo "2144"]
[Annotator "NA"]
[PlyCount "80"]
[EventDate "2019.08.03"]
[EventType "swiss"]
[EventCountry "GER"]
[SourceTitle "playchess.com"]
[Source "ChessBase"]
[SourceQuality "1"]
[TimeControl "40/5400+30:1800+30"]

1. e4 c5 2. Nf3 a6 3. Nc3 e6 4. d4 cxd4 5. Nxd4 Qc7 6. Be2 Nf6 7. a3 Be7 8. Be3 d6 9. Qd2 b5 10. f4 Bb7 11. Bf3 Nbd7 12. g4 Nb6 13. O-O-O Nc4 14. Qd3 Rc8 15. Bd2 Nd7 16. g5 Nxd2 17. Rxd2 Nb6 18. Rg2 Qc4 19. Qe3 Qc5 20. Qd3 Nc4 21. Re1 Nxa3 22. f5 e5 23. Nb3 Qc7 24. Ree2 Nc4 25. Nd5 Bxd5 26. Qxd5 Qc6 27. Qd3 a5 28. Nd2 Nb6 29. g6 Bf6 30. Qb3 fxg6 31. fxg6 hxg6 32. Rxg6 Rc7 33. Bg4 Kd8 34. Bf5 a4 35. Qd3 Rh4 36. Nb1 Nc4 37. Nc3 a3 38. bxa3 Ra7 39. a4 Qc5 40. Reg2 Qa3+ {[%emt 0:01:37] Re2 Qc5 Nxb5 Rxa4} 0-1

[Event "Lueneburg Open-A 2019"]
[Site "Lueneburg"]
[Date "2019.08.09"]
[Round "7.29"]
[White "Klausch, Uwe"]
[Black "Dijkhuis, Oele"]
[Result "0-1"]
[ECO "B72"]
[WhiteElo "1900"]
[BlackElo "2161"]
[Annotator "NA"]
[PlyCount "44"]
[EventDate "2019.08.03"]
[EventType "swiss"]
[EventCountry "GER"]
[SourceTitle "playchess.com"]
[Source "ChessBase"]
[SourceQuality "1"]
[TimeControl "40/5400+30:1800+30"]

1. e4 c5 2. Nf3 d6 3. d4 cxd4 4. Nxd4 Nf6 5. Nc3 g6 6. Be3 a6 7. f4 b5 8. a3 Bb7 9. Bd3 e5 10. fxe5 dxe5 11. Nf3 Nbd7 12. O-O Be7 13. h3 O-O 14. Bh6 Re8 15. Nh2 Nc5 16. Qf3 Qb6 17. Kh1 Qe6 18. Ng4 Nxg4 19. hxg4 Nxd3 20. cxd3 Rad8 21. Rad1 g5 22. Qh3 Rd6 0-1

[Event "Lueneburg Open-A 2019"]
[Site "Lueneburg"]
[Date "2019.08.09"]
[Round "7.30"]
[White "Ziese, Gerhard"]
[Black "Lau, Felix"]
[Result "1/2-1/2"]
[ECO "A20"]
[WhiteElo "1897"]
[BlackElo "2044"]
[Annotator "NA"]
[PlyCount "120"]
[EventDate "2019.08.03"]
[EventType "swiss"]
[EventCountry "GER"]
[SourceTitle "playchess.com"]
[Source "ChessBase"]
[SourceQuality "1"]
[TimeControl "40/5400+30:1800+30"]

1. c4 e5 2. g3 Nf6 3. Bg2 c6 4. d4 exd4 5. Qxd4 Na6 6. Nf3 Bc5 7. Qe5+ Qe7 8. Qxe7+ Kxe7 9. a3 Ne4 10. e3 Bb6 11. b4 Rd8 12. Bb2 f6 13. Nbd2 Nxd2 14. Nxd2 c5 15. b5 Nc7 16. O-O d5 17. cxd5 Nxd5 18. Nc4 Bc7 19. Rfd1 Be6 20. Rac1 Rab8 21. h3 Rd7 22. Kh2 Rbd8 23. Bf3 Bb8 24. Kg2 b6 25. g4 Nc7 26. Rxd7+ Rxd7 27. a4 Nd5 28. a5 Bc7 29. axb6 axb6 30. Kf1 Nb4 31. Ba3 Nd3 32. Rc2 Bxc4 33. Rxc4 Ne5 34. Re4 Rd3 35. Bb2 Rb3 36. Bxe5 Bxe5 37. Be2 Rb1+ 38. Kg2 Kd6 39. f4 Bc3 40. Bc4 Rb4 41. Kf3 g6 42. Re6+ Kd7 43. Re4 h6 44. Ke2 Rb2+ 45. Kd3 Ba5 46. Re6 f5 47. gxf5 gxf5 48. e4 Rd2+ 49. Ke3 Rd4 50. Bd5 fxe4 51. Re5 Bd2+ 52. Ke2 Kd6 53. Bc6 Bxf4 54. Rxe4 Rxe4+ 55. Bxe4 Ke5 56. Bg6 Kd4 57. Kd1 Kc4 58. Be8 Kb3 59. Bg6 c4 60. Bf7 Kb4 1/2-1/2

[Event "Lueneburg Open-A 2019"]
[Site "Lueneburg"]
[Date "2019.08.09"]
[Round "7.31"]
[White "Porth, Hartmut"]
[Black "Hesse, Juergen"]
[Result "1/2-1/2"]
[ECO "B02"]
[WhiteElo "2032"]
[BlackElo "1877"]
[Annotator "NA"]
[PlyCount "127"]
[EventDate "2019.08.03"]
[EventType "swiss"]
[EventCountry "GER"]
[SourceTitle "playchess.com"]
[Source "ChessBase"]
[SourceQuality "1"]
[TimeControl "40/5400+30:1800+30"]

1. g3 Nf6 2. Bg2 g6 3. d3 Bg7 4. e4 d6 5. f4 Nc6 6. Nf3 O-O 7. O-O Nd7 8. c3 Nb6 9. Na3 e5 10. f5 gxf5 11. Nh4 f4 12. Qh5 fxg3 13. hxg3 Qe8 14. Bg5 f6 15. Qxe8 Rxe8 16. Bxf6 Be6 17. Bg5 a6 18. Nf5 Rf8 19. Nc2 Rae8 20. Nce3 Nc8 21. b3 N6e7 22. Rad1 Nc6 23. Kh2 Nb6 24. Rd2 Nc8 25. Rdf2 Nb6 26. Bf3 Nd7 27. Bh5 Rb8 28. Bg4 Nc5 29. Rd2 Rbe8 30. b4 Bxf5 31. Bxf5 Ne6 32. Bxe6+ Rxe6 33. Rxf8+ Bxf8 34. Nd5 Rg6 35. Bh4 Rg7 36. Nf6+ Kh8 37. Kh3 Rf7 38. g4 Ne7 39. Nh5 Ng6 40. Bg5 h6 41. Bf6+ Kg8 42. g5 hxg5 43. Bxg5 Be7 44. Kg4 Rf1 45. Be3 Re1 46. Bf2 Rc1 47. c4 Rb1 48. a3 Rb3 49. Be3 Rxa3 50. Rg2 Kf7 51. Rf2+ Ke6 52. Ng7+ Kd7 53. Rf7 Nh8 54. Rf3 Rxd3 55. Nf5 Rc3 56. Nxe7 Rxc4 57. Nd5 Rxe4+ 58. Kf5 Rh4 59. Rg3 Kc6 60. Ke6 Rh7 61. Nf6 Rh2 62. Rg7 Rc2 63. Nd5 Kb5 64. Rg8 1/2-1/2

[Event "Lueneburg Open-A 2019"]
[Site "Lueneburg"]
[Date "2019.08.09"]
[Round "7.33"]
[White "Schulze, Lukas"]
[Black "Wozny, Michael"]
[Result "1-0"]
[ECO "E62"]
[WhiteElo "1724"]
[BlackElo "1942"]
[Annotator "NA"]
[PlyCount "48"]
[EventDate "2019.08.03"]
[EventType "swiss"]
[EventCountry "GER"]
[SourceTitle "playchess.com"]
[Source "ChessBase"]
[SourceQuality "1"]
[TimeControl "40/5400+30:1800+30"]

1. Nf3 Nf6 2. c4 g6 3. g3 Bg7 4. Bg2 O-O 5. O-O c6 6. d4 d6 7. Nc3 Bg4 8. Qb3 Bxf3 9. Bxf3 Qb6 10. Rd1 Qxb3 11. axb3 Nbd7 12. Bf4 e5 13. dxe5 dxe5 14. Be3 a6 15. Ne4 Rfd8 16. Nd6 Bf8 17. Nxb7 Rdc8 18. Na5 e4 19. Bg2 Bc5 20. Bxc5 Nxc5 21. Rd6 Ne8 22. Rxc6 Rxc6 23. Nxc6 Nxb3 24. Bxe4 Nc5 1-0

[Event "Lueneburg Open-A 2019"]
[Site "Lueneburg"]
[Date "2019.08.09"]
[Round "7.35"]
[White "Wobbe, Sven"]
[Black "Serreck, Uwe"]
[Result "1-0"]
[ECO "B06"]
[WhiteElo "2019"]
[BlackElo "1869"]
[Annotator "NA"]
[PlyCount "51"]
[EventDate "2019.08.03"]
[EventType "swiss"]
[EventCountry "GER"]
[SourceTitle "playchess.com"]
[Source "ChessBase"]
[SourceQuality "1"]
[TimeControl "40/5400+30:1800+30"]

1. e4 g6 2. d4 Bg7 3. Nf3 d6 4. Bc4 a6 5. a4 b6 6. O-O e6 7. Nbd2 Nd7 8. Qe2 Bb7 9. Re1 Ne7 10. c3 h6 11. Nf1 O-O 12. Ng3 c5 13. h4 d5 14. Bd3 dxe4 15. Nxe4 Nf5 16. dxc5 bxc5 17. g3 Qe7 18. a5 Rfd8 19. Ned2 Ne5 20. Nxe5 Nxh4 21. Nef3 Nxf3+ 22. Nxf3 Rxd3 23. Qxd3 Rd8 24. Qe2 Qf6 25. Nh2 Qf5 26. f3 1-0

[Event "Lueneburg Open-A 2019"]
[Site "Lueneburg"]
[Date "2019.08.09"]
[Round "7.36"]
[White "Chmielewski, Axel"]
[Black "Fischer, Thomas"]
[Result "0-1"]
[ECO "A88"]
[WhiteElo "1811"]
[BlackElo "2106"]
[Annotator "NA"]
[PlyCount "97"]
[EventDate "2019.08.03"]
[EventType "swiss"]
[EventCountry "GER"]
[SourceTitle "playchess.com"]
[Source "ChessBase"]
[SourceQuality "1"]
[TimeControl "40/5400+30:1800+30"]

1. d4 f5 2. g3 g6 3. Bg2 Bg7 4. Nf3 Nf6 5. O-O O-O 6. c4 d6 7. Nc3 c6 8. d5 Bd7 9. Qc2 Na6 10. a3 Rc8 11. Ng5 h6 12. Nh3 Nc7 13. Qb3 cxd5 14. cxd5 b6 15. Nf4 Qe8 16. Bd2 Qf7 17. a4 g5 18. Nd3 Qh5 19. f3 Qg6 20. Rae1 h5 21. Nb4 h4 22. Nc6 Bxc6 23. dxc6+ Kh7 24. Nb5 Nxb5 25. axb5 hxg3 26. hxg3 Nh5 27. Kf2 Be5 28. f4 gxf4 29. Bxf4 Nxf4 30. Rh1+ Kg7 31. gxf4 Bxf4 32. Bd5 Kf6 33. Reg1 Bg5 34. Qg3 Rh8 35. Qf3 Rxh1 36. Rxh1 e6 37. Bb3 Rg8 38. Qc3+ Ke7 39. Ke1 Bf6 40. Qh3 Qg5 41. Kd1 Bxb2 42. Kc2 Qf6 43. Qf3 d5 44. Rd1 Ba3 45. Rb1 Qd4 46. Bxd5 Bd6 47. Bb3 Ba3 48. Bd5 Qc5+ 49. Kb3 0-1

[Event "Lueneburg Open-A 2019"]
[Site "Lueneburg"]
[Date "2019.08.09"]
[Round "7.37"]
[White "Probst, Alexander"]
[Black "Rothenberg, Jannik"]
[Result "0-1"]
[ECO "C06"]
[WhiteElo "1969"]
[BlackElo "1859"]
[Annotator "NA"]
[PlyCount "100"]
[EventDate "2019.08.03"]
[EventType "swiss"]
[EventCountry "GER"]
[SourceTitle "playchess.com"]
[Source "ChessBase"]
[SourceQuality "1"]
[TimeControl "40/5400+30:1800+30"]

1. e4 e6 2. d4 d5 3. Nd2 Nf6 4. e5 Nfd7 5. Bd3 c5 6. c3 Nc6 7. Ne2 cxd4 8. cxd4 f6 9. exf6 Nxf6 10. Nf3 Bd6 11. Bf4 Bxf4 12. Nxf4 Qa5+ 13. Qd2 Qxd2+ 14. Kxd2 Ne4+ 15. Ke3 O-O 16. Bxe4 dxe4 17. Ne5 Nxd4 18. Kxe4 Nf5 19. g4 Ne7 20. Rac1 b6 21. Rhd1 g5 22. Nfd3 Nd5 23. Nc6 Ba6 24. Ndb4 Rf4+ 25. Ke5 Nxb4 26. Nxb4 Rxb4 27. Rc7 Rxb2 28. Rdd7 Re2+ 29. Kf6 Rxf2+ 30. Kxg5 Rxh2 31. a4 Rh3 32. Rg7+ Kh8 33. Rge7 Rg8+ 34. Kf6 Rf3+ 35. Ke5 Bd3 36. Rxa7 Rg5+ 37. Kd6 Rxg4 38. Rab7 Rf8 39. Rxb6 Rxa4 40. Ke5 Bf5 41. Rb2 Re4+ 42. Kd6 Rd8+ 43. Kc7 Rg8 44. Kd6 Reg4 45. Rh2 R4g7 46. Rxg7 Kxg7 47. Ke5 Kf7 48. Rh6 Rg4 49. Kd6 Kg7 50. Rh2 Kg6 0-1

[Event "Lueneburg Open-A 2019"]
[Site "Lueneburg"]
[Date "2019.08.10"]
[Round "8.1"]
[White "Kollars, Dmitrij"]
[Black "Ovsejevitsch, Sergei"]
[Result "1/2-1/2"]
[ECO "C65"]
[WhiteElo "2581"]
[BlackElo "2590"]
[Annotator "ChessBase"]
[PlyCount "58"]
[EventDate "2019.08.03"]
[EventType "swiss"]
[EventCountry "GER"]
[SourceTitle "playchess.com"]
[Source "ChessBase"]
[SourceQuality "1"]
[TimeControl "40/5400+30:1800+30"]

1. e4 e5 2. Nf3 Nc6 3. Bb5 Nf6 4. d3 Bc5 5. Nbd2 d6 6. c3 O-O 7. O-O a6 8. Ba4 Ba7 9. h3 h6 10. Re1 Re8 11. Nf1 b5 12. Bc2 d5 13. exd5 Qxd5 14. Ng3 Be6 15. Qe2 Qd7 16. Be3 Bxe3 17. Qxe3 Rad8 18. Nxe5 Nxe5 19. Qxe5 Bb3 20. Bxb3 Rxe5 21. Rxe5 Re8 22. d4 Rxe5 23. dxe5 Nd5 24. Rd1 c6 25. Nf1 Qf5 26. Bxd5 cxd5 27. Rxd5 Qb1 28. b4 Qxa2 29. Rd3 a5 1/2-1/2

[Event "Lueneburg Open-A 2019"]
[Site "Lueneburg"]
[Date "2019.08.10"]
[Round "8.2"]
[White "Vorobiov, Evgeny E."]
[Black "Sebastian, Dirk"]
[Result "1/2-1/2"]
[ECO "A58"]
[WhiteElo "2578"]
[BlackElo "2453"]
[Annotator "ChessBase"]
[PlyCount "33"]
[EventDate "2019.08.03"]
[EventType "swiss"]
[EventCountry "GER"]
[SourceTitle "playchess.com"]
[Source "ChessBase"]
[SourceQuality "1"]
[TimeControl "40/5400+30:1800+30"]

1. d4 Nf6 2. c4 c5 3. d5 b5 4. cxb5 a6 5. bxa6 g6 6. Nc3 Bg7 7. a7 Rxa7 8. e4 O-O 9. Nf3 e6 10. Be2 exd5 11. exd5 d6 12. O-O Na6 13. Nd2 Nc7 14. Nc4 Ba6 15. Bf4 Re8 16. Be3 Ng4 17. Bxg4 1/2-1/2

[Event "Lueneburg Open-A 2019"]
[Site "Lueneburg"]
[Date "2019.08.10"]
[Round "8.3"]
[White "Ertan, Can"]
[Black "Feuerstack, Aljoscha"]
[Result "0-1"]
[ECO "B12"]
[WhiteElo "2396"]
[BlackElo "2441"]
[Annotator "NA"]
[PlyCount "60"]
[EventDate "2019.08.03"]
[EventType "swiss"]
[EventCountry "GER"]
[SourceTitle "playchess.com"]
[Source "ChessBase"]
[SourceQuality "1"]
[TimeControl "40/5400+30:1800+30"]

1. e4 c6 2. d4 d5 3. e5 Bf5 4. Nf3 e6 5. Be2 Ne7 6. O-O Bg6 7. Nbd2 Nf5 8. Nb3 Nd7 9. a4 a6 10. a5 c5 11. c4 dxc4 12. Bxc4 cxd4 13. g4 Nh4 14. Nbxd4 Bc5 15. Qa4 Bxd4 16. Nxd4 O-O 17. Be2 Nxe5 18. Ra3 Rc8 19. Rd1 Qd5 20. Rg3 Rfd8 21. f4 Bd3 22. Nf5 exf5 23. fxe5 Rxc1 24. Rxc1 Bxe2 25. gxf5 Nxf5 26. Rgc3 Qxe5 27. Qd7 Rf8 28. Re1 Nd4 29. Qxb7 Qf4 30. Kg2 Qd2 0-1

[Event "Lueneburg Open-A 2019"]
[Site "Lueneburg"]
[Date "2019.08.10"]
[Round "8.4"]
[White "Jahncke, Giso"]
[Black "Carlstedt, Jonathan"]
[Result "0-1"]
[ECO "D27"]
[WhiteElo "2325"]
[BlackElo "2408"]
[Annotator "NA"]
[PlyCount "141"]
[EventDate "2019.08.03"]
[EventType "swiss"]
[EventCountry "GER"]
[SourceTitle "playchess.com"]
[Source "ChessBase"]
[SourceQuality "1"]
[TimeControl "40/5400+30:1800+30"]

1. d4 d5 2. c4 dxc4 3. e3 Nf6 4. Bxc4 e6 5. Nf3 c5 6. O-O a6 7. dxc5 Bxc5 8. Qxd8+ Kxd8 9. Be2 Ke7 10. Nbd2 Nbd7 11. b3 b6 12. Bb2 Bb7 13. Rac1 Rac8 14. Rfd1 Rhd8 15. Ne1 b5 16. Nd3 Bd6 17. a4 bxa4 18. Nc4 Bb8 19. Ba3+ Ke8 20. bxa4 Bc6 21. Ndb2 Bd5 22. Na5 Be5 23. Nd3 Bc7 24. Bb4 g5 25. g3 Bb6 26. Nb2 Rb8 27. Nbc4 Bc7 28. Nd6+ Bxd6 29. Bxd6 Rb2 30. Bd3 Bf3 31. Bc7 Ra8 32. Rf1 Ra2 33. Ra1 Rd2 34. Ra3 Rc8 35. Bd6 Nc5 36. Rc1 Nxd3 37. Rxc8+ Kd7 38. Rc7+ Kxd6 39. Nc4+ Kxc7 40. Nxd2 Ne5 41. Rc3+ Bc6 42. f4 Nd5 43. Ra3 gxf4 44. exf4 Nd7 45. a5 Nc5 46. Nc4 Bb5 47. Ne5 f6 48. Nf3 Kd6 49. h4 h6 50. Nh2 Nd3 51. h5 f5 52. Nf3 Nf6 53. Nd4 Bc4 54. Rc3 Kc5 55. Nxe6+ Kb4 56. Rxc4+ Kxc4 57. Ng7 Kb5 58. Nxf5 Ng8 59. Kg2 Kxa5 60. Kf3 Kb4 61. g4 a5 62. g5 a4 63. Nd4 Kc4 64. Nc2 Nb4 65. Na3+ Kb3 66. Nb5 Nc6 67. Ke4 Kb4 68. Nd6 a3 69. Nf5 a2 70. Ne3 Kb3 71. Kd5 0-1